 Dungeon Crawl Stone Soup version 0.30-a0-39-g42789b21ef (webtiles) character file.

Game seed: 6053965094572035372

14 BritishOli the Trooper (level 2, 24/24 HPs)
             Began as a Demonspawn Fighter on Aug 29, 2022.
             Got out of the dungeon alive.
             The game lasted 00:00:22 (598 turns).

BritishOli the Trooper (Demonspawn Fighter)          Turns: 598, Time: 00:00:23

Health: 24/24      AC:  6    Str: 16    XL:     2   Next: 27%
Magic:  2/2        EV:  8    Int:  9    God:
Gold:   34         SH:  4    Dex: 12    Spells: 1/1 levels left

rFire   . . .      SeeInvis .    a - +0 long sword
rCold   . . .      Faith    .    c - +0 buckler
rNeg    . . .      Spirit   .    b - +0 scale mail
rPois   .          Reflect  .    (no helmet)
rElec   .          Harm     .    (no cloak)
rCorr   .          Rampage  .    (no gloves)
Will    .....                    (no boots)
Stlth   ..........               (no amulet)
HPRegen 0.08/turn                (no ring)
MPRegen 0.08/turn                (no ring)

@: no status effects
A: powered by pain 1
a: no special abilities


You escaped.
You visited 1 branch of the dungeon, and saw 1 of its levels.

You collected 34 gold pieces.

Inventory:

Hand Weapons
 a - a +0 long sword (weapon)
Armour
 b - a +0 scale mail (worn)
 c - a +0 buckler (worn)
Potions
 d - a potion of might
 e - a potion of attraction {unknown}
 f - 2 potions of mutation {unknown}
 g - a potion of ambrosia {unknown}


   Skills:
 + Level 3.2 Fighting
 + Level 2.0 Long Blades
 + Level 2.8 Armour
 + Level 2.9 Shields


You had one spell level left.
You didn't know any spells.
Your spell library contained the following spells:

 Spells                   Type           Power      Damage    Failure   Level
 Necrotise                Necr           0%         1d4       88%         1


Dungeon Overview and Level Annotations

Branches:
Dungeon (1/15)

Altars:


Innate Abilities, Weirdness & Mutations

You sometimes gain a little power by taking damage.


Message History

The endoplasm quivers.
Found a stone staircase leading down.
An endoplasm is nearby!
You block the endoplasm's attack.
An endoplasm is nearby!
You slash the endoplasm!
You kill the endoplasm!
There is a stone staircase leading down here.
Found a robe.
No target in view!
No target in view!
No target in view!
No target in view!
A quokka and an endoplasm come into view.
The endoplasm quivers.
There are monsters nearby!
The quokka closely misses you.
The quokka bites you but does no damage.
The endoplasm completely misses you.
You hit the endoplasm.
The endoplasm is lightly wounded.
The quokka closely misses you. The endoplasm closely misses you.
You hit the endoplasm.
You kill the endoplasm!
The quokka barely misses you. You block the quokka's attack.
You closely miss the quokka. The quokka closely misses you.
You hit the quokka.
The quokka is heavily wounded.
The quokka bites you but does no damage.
The quokka barely misses you.
You hit the quokka.
The quokka is severely wounded.
The quokka barely misses you.
You hit the quokka.
You kill the quokka!
No target in view!
No target in view!
There is a staircase leading out of the dungeon here.
Are you sure you want to leave the Dungeon?
This will make you lose the game!
You have escaped!

#.#. #.#... #.# ###.## ..#.
#.##.#####.#.#[.. #... #
#..........#.#.#.#
#...#####.######.#.........#.#.+
#..........##......##....#...#.#
...[.......###.#.#####..##.....+
#...†.....####..### ##.##.....#
#.# ##.......## #..##...#.+ #.##
##......@..###...#.....#
#..###....#..........##...#.+
##.##....####.........#.....##
#.......#####........#.......
##.###....##....##.........#.
#..###.......#####...##.####
##.# #......## #...###.# #8 .#
##....## #..###..# ## .. #....##
#...# #.#####


There were no monsters in sight!

Vanquished Creatures
  3 endoplasms (D:1)
  A kobold (D:1)
  2 quokkas (D:1)
  2 bats (D:1)
  A frilled lizard (D:1)
  5 rats (D:1)
14 creatures vanquished.

Notes
Turn   | Place    | Note
-------+----------+-------------------------------------------
     0 | D:1      | BritishOli the Demonspawn Fighter began the quest for the
                  | Orb.
     0 | D:1      | Reached XP level 1. HP: 18/18 MP: 1/1
   258 | D:1      | Found a faded altar of an unknown god.
   263 | D:1      | Got Plato's Tractate on Wicked Mysteries
   391 | D:1      | Gained mutation: You sometimes gain a little power by
                  | taking damage. [demonic ancestry]
   391 | D:1      | Reached XP level 2. HP: 16/24 MP: 2/2
   598 | D:$      | Got out of the dungeon alive.

Illustrated notes

Levels and vault maps discovered:
D:1:      dpeg_arrival_arbitrary_b, layout_basic,
          shapermc_ecumenical_altar_rom_forum, serial_corexii_hall,
          corexii_hall_statues_x, chequers_hall_statues_corner_a,
          minmay_rat_gold_closets

Skill      XL: |  1 |
---------------+----+-----
Long Blades    | 2 |  2.0
Fighting       | |  3.2
Armour         | |  2.8
Shields        | |  2.9

Action                   || total
-------------------------++-------
Melee: Long sword        ||    46
Armor: Scale mail        ||    20
Dodge: Dodged            ||    28
Block: Buckler           ||     7

Table legend: (Time is in decaauts)
 A = Elapsed time spent in this place.
 B = Non-inter-level travel time spent in this place.
 C = Inter-level travel time spent in this place.
 D = Time resting spent in this place.
 E = Time spent auto-exploring this place.
 F = Levels seen in this place.
 G = Mean time per level.
                   A        B        C        D        E       F      G
               +--------+--------+--------+--------+--------+-----+--------+
         Total |    614 |    600 |     14 |      0 |    495 |   1 |  614.0 |
       Dungeon |    614 |    600 |     14 |      0 |    495 |   1 |  614.0 |
               +--------+--------+--------+--------+--------+-----+--------+

Top non-repeatable levels by time:
     D:1: 614 daAuts
